 Dungeon Sprint DCSS version 0.31-a0-986-g5e6e4ef867 (webtiles) character file.

Game seed: 17011116479914260942

1099 dialectric the Fighter (level 8, -8/112 HPs)
             Began as a Demonspawn Berserker on Nov 3, 2023.
             Was an Elder of Trog.
             Mangled by a polar bear (14 damage)
             ... in the Dungeon (Sprint II: "The Violet Keep of Menkaure").
             The game lasted 00:03:22 (254 turns).

dialectric the Fighter (Demonspawn Berserker)        Turns: 254, Time: 00:03:24

Health: -8/112     AC:  3    Str: 19    XL:     8   Next: 10%
Magic:  8/8        EV: 14    Int: 10    God:    Trog [****..]
Gold:   19         SH:  0    Dex: 14    Spells: 7/7 levels left

rFire   + . .        a - +0 mace
rCold   . . .        (no shield)
rNeg    . . .        b - +0 animal skin
rPois   +            (helmet restricted)
rElec   .            j - +0 cloak
rCorr   .            (no gloves)
SInv    .            (no boots)
Will    .....        (no amulet) Stlth
                     i - ring of Yjuossut {Drain rPois rF+ Slay+4}
HPRegen 2.38/turn    (no ring)
MPRegen 0.11/turn

%: no teleportation
@: berserking (expiring), very quick
A: horns 1, thin skeletal structure 1, powered by death 2
a: Renounce Religion, Berserk, Trog's Hand, Brothers in Arms


You were in the Dungeon.
You worshipped Trog.
Trog was greatly pleased with you.
You visited 1 branch You collected 729 gold pieces.
You spent 710 gold pieces at shops.

Inventory:

Hand Weapons
 a - a +0 mace (weapon)
Armour
 b - a +0 animal skin (worn)
 j - a +0 cloak (worn)
Jewellery
 i - the ring of Yjuossut (left hand) {Drain rPois rF+ Slay+4}
   (You bought it in a shop in the Dungeon)

   [ring of protection from fire]

   Slay+4:    It affects your accuracy & damage with ranged weapons and melee
   (+4).
   rF+:       It protects you from fire.
   rPois:     It protects you from poison Drain: It drains your maximum health
   when unequipped.
Scrolls
 h - a scroll of blinking
Potions
 c - a potion of curing
 e - a potion of haste
 f - 2 potions of magic
 g - a potion of berserk rage


   Skills:
 + Level 11.4 Fighting
 + Level 11.2 Maces & Flails
 + Level 4.6 Armour
 + Level 5.7 Dodging


You had 7 spell levels left.
You didn't know any spells.
Your spell library was empty.

Dungeon Overview and Level Annotations

Branches:
Dungeon (1/1)

Altars:
Cheibriados
Dithmenos
Fedhas
Gozag
Hepliaklqana
Kikubaaqudgha
Makhleb
Nemelex Xobeh
Okawaru
Qazlal
Ru
Sif Muna
Trog
Uskayaw
Vehumet
Wu Jian
Xom
Yredelemnul
Jiyva
Lugonu

Shops:
D [:*=![*([=![?(:

Annotations:
D exclusion: oklob plant


Innate Abilities, Weirdness & Mutations

You have a pair of small horns on your head.
You have a somewhat thin skeletal structure. (Dex +2, Stealth+)
You regenerate health from kills.


Message History

The polar bear is severely wounded.
The polar bear misses you. The polar bear barely misses you.
The polar bear claws you.
* * * LOW HITPOINT WARNING * * *
The polar bear bites you!
* * * LOW HITPOINT WARNING * * *
The polar bear barely misses you.
The polar bear claws you but does no damage.
You closely miss the polar bear.
The polar bear is severely wounded.
You sock the polar bear!
The polar bear is almost dead.
The polar bear goes berserk!
The polar bear completely misses you. The polar bear barely misses you.
The polar bear claws you.
* * * LOW HITPOINT WARNING * * *
You hit the polar bear.
You kill the polar bear!
Trog accepts your kill. The polar bear barely misses you.
The polar bear misses you. The polar bear claws you.
* * * LOW HITPOINT WARNING * * *
Your Maces & Flails skill increases to level 11!
You have reached level 8!
You feel clever.
Unknown command.
You hit the polar bear.
You headbutt the polar bear, but do no damage.
The polar bear is severely wounded.
You hit the polar bear. Your headbutt misses the polar bear.
The polar bear is severely wounded.
You barely miss the polar bear. You headbutt the polar bear!
The polar bear is moderately wounded.
You hit the polar bear.
The polar bear is almost dead.
The polar bear bites you!
* * * LOW HITPOINT WARNING * * *
The polar bear closely misses you. The polar bear claws you.
* * * LOW HITPOINT WARNING * * *
The polar bear bites you!
You die... . .. ...# ...# ##▓$$)!:!$!▓▓ B#B

###..## #..# $#▓)?$(!!$(▓▓
#+###.##..# +..# .#▓$)!![(!$▓▓
#.##...#..# #..# .#▓$[$[?:?(▓▓
.<.†##.'..####..##.#▓?)!)[$!?▓▓
#.##...#....###...##▓▓▓▓▓▓▓+▓▓▓▓
#'###.##......cyS~~~~~~~§~§...X≈
...####~~.§...~#h########'###.≈≈
)#..#~~~~~~~..~#@h_._._.#~§~#
...##~~~~~~~~.~#._._._..#~~§≈#
#+##~~~§≈≈~~~~~#_._._._.#~§§~≈#
~~~~~≈≈≈≈~~§#._._._._#~§§≈≈≈# +
#~≈§≈≈≈≈≈~#.._._._.#~~§§§≈+
##≈≈≈###≈≈#..._._._#~§~~≈§#
#≈≈#...._._. #≈§#....._._


You could see 2 polar bears, a yaktaur, a hornet and a water moccasin.

Vanquished Creatures
  A merfolk siren (D)
  A polar bear (D)
  Menkaure (D)
  2 water moccasins (D)
  4 necrophages (D)
  3 worms (D)
12 creatures vanquished.

Vanquished Creatures (others)
  A water moccasin (D)
  4 tentacles (D)
5 creatures vanquished.

Grand Total: 17 creatures vanquished

Notes
Turn   | Place    | Note
-------+----------+-------------------------------------------
     0 | D        | dialectric the Demonspawn Berserker began the quest for the
                  | Orb.
     0 | D        | Reached XP level 1. HP: 18/18 MP: 1/1
     1 | D        | Noticed a boulder beetle
     1 | D        | Noticed a boulder beetle
    66 | D        | Noticed a necrophage
    66 | D        | Noticed a necrophage
    66 | D        | Noticed a necrophage
    66 | D        | Noticed a necrophage
    71 | D        | Killed a necrophage
    71 | D        | Reached ** piety under Trog
    72 | D        | Reached skill level 5 in Fighting
    72 | D        | Reached skill level 5 in Maces & Flails
    72 | D        | Gained mutation: You have a pair of small horns on your
                  | head. [demonic ancestry]
    72 | D        | Reached XP level 2. HP: 28/28 MP: 2/2
    72 | D        | Gained mutation: You have a somewhat thin skeletal
                  | structure. (Dex +2, Stealth+) [demonic ancestry]
    72 | D        | Reached XP level 3. HP: 34/34 MP: 3/3
    73 | D        | Killed a necrophage
    74 | D        | Reached XP level 4. HP: 41/41 MP: 4/4
    78 | D        | Killed a necrophage
    79 | D        | Reached XP level 5. HP: 48/48 MP: 5/5
    95 | D        | Noticed a merfolk siren
   105 | D        | Killed a merfolk siren
   105 | D        | Reached *** piety under Trog
   106 | D        | Reached skill level 10 in Fighting
   106 | D        | Gained mutation: You regenerate a little health from kills.
                  | [demonic ancestry]
   106 | D        | Reached XP level 6. HP: 22/60 MP: 6/6
   106 | D        | Gained mutation: You regenerate health from kills. [demonic
                  | ancestry]
   106 | D        | Reached XP level 7. HP: 24/66 MP: 7/7
   116 | D        | Found Gulackou's Antique Weapon Boutique.
   116 | D        | Found Byunn's Antique Armour Shop.
   116 | D        | Found Ununum's Armour Boutique.
   116 | D        | Found Izxek's Jewellery Boutique.
   116 | D        | Found Buqof's Weapon Shop.
   117 | D        | Found Riontal's Book Shop.
   117 | D        | Found Wonahuol's Distillery.
   117 | D        | Found Coownat's Assorted Antiques.
   118 | D        | Found Nanyosat's Magic Scroll Boutique.
   118 | D        | Found Diegaewkig's Armour Shop.
   118 | D        | Found Noceat's Distillery.
   118 | D        | Noticed Menkaure
   120 | D        | Found Juthocla's Jewellery Shop.
   120 | D        | Found Giorusie's General Store.
   120 | D        | Noticed an oklob plant
   121 | D        | Noticed a death yak
   121 | D        | Found Kipp's Antique Armour Shop.
   121 | D        | Found Naxtoih's Book Shoppe.
   126 | D        | Bought a potion of curing for 33 gold pieces
   131 | D        | Bought the ring of Yjuossut {Drain rPois rF+ Slay+4} for
                  | 568 gold pieces
   147 | D        | Killed Menkaure
   148 | D        | Reached skill level 10 in Maces & Flails
   148 | D        | Reached skill level 5 in Dodging
   159 | D        | Noticed a flying skull
   164 | D        | Bought a potion of heal wounds for 55 gold pieces
   172 | D        | Bought a +0 cloak for 54 gold pieces
   201 | D        | Found a hazy altar of Hepliaklqana.
   201 | D        | Found a snail-covered altar of Cheibriados.
   202 | D        | Found a stormy altar of Qazlal.
   202 | D        | Found a viscous altar of Jiyva.
   202 | D        | Found a shadowy altar of Dithmenos.
   203 | D        | Found a sacrificial altar of Ru.
   203 | D        | Found an ancient bone altar of Kikubaaqudgha.
   204 | D        | Found an ornate altar of the Wu Jian Council.
   204 | D        | Found a shimmering blue altar of Sif Muna.
   204 | D        | Found a corrupted altar of Lugonu.
   205 | D        | Found a shimmering altar of Xom.
   205 | D        | Found a bloodstained altar of Trog.
   205 | D        | Found a burning altar of Makhleb.
   206 | D        | Found a basalt altar of Yredelemnul.
   206 | D        | Found a hide-covered altar of Uskayaw.
   208 | D        | Found a radiant altar of Vehumet.
   208 | D        | Found a blossoming altar of Fedhas.
   208 | D        | Found a sparkling altar of Nemelex Xobeh.
   216 | D        | Noticed a kraken
   231 | D        | HP: 3/67 [water moccasin (8)]
   234 | D        | Noticed a yaktaur
   234 | D        | Noticed a hornet
   234 | D        | Noticed a polar bear
   236 | D        | Found an opulent altar of Gozag.
   236 | D        | Found an iron altar of Okawaru.
   237 | D        | Noticed a polar bear
   238 | D        | Noticed a polar bear
   241 | D        | Reached **** piety under Trog
   250 | D        | Killed a polar bear
   251 | D        | Reached XP level 8. HP: 10/75 MP: 8/8
   254 | D        | Mangled by a polar bear

Illustrated notes

Levels and vault maps discovered:
D:        the_violet_keep_of_menkaure [sprint2_stairs_cluster_1,
          sprint2_shoproom, sprint2_temple, sprint2_basic_supplies,
          sprint2_obstacle_5, sprint2_obstacle_4, sprint2_obstacle_6,
          sprint2_obstacle_1, sprint2_obstacle_3, sprint2_timed_cluster_1,
          sprint2_smallroom_cluster_1, sprint2_smallroom_final_cluster_1,
          sprint2_transparent_cluster_1, sprint2_second_timed_cluster_1,
          sprint2_sniper_area_1, sprint2_heavy_combat_area_1,
          sprint2_mutation_trap_area_1, sprint2_forest_area_1,
          sprint2_light_combat_area_1, sprint2_behind_water_1,
          sprint2_near_end_vault_1]

Skill      XL: |  1  2  3  4  5  6  7 |
---------------+----------------------+-----
Maces & Flails | 5 6 7 9 11 | 11.2
Dodging        | 2 3 4 5 |  5.7
Armour         | 2 3 4 |  4.6
Fighting       | 5 6 7 10 11 | 11.4

Action                     |  1- 3 |  4- 6 |  7- 9 || total
---------------------------+-------+-------+-------++-------
  Melee: Mace              |    11 |    17 |    26 ||    54
         Headbutt          |     2 |     3 |     3 ||     8
 Invoke: Berserk           |     2 |       |     1 ||     3
         Trog's Hand       |       |       |     1 ||     1
    Use: Potion            |       |       |     3 ||     3
   Stab: Sleeping          |       |     1 |       ||     1
 Armour: Animal skin       |     3 |     5 |    28 ||    36
  Dodge: Dodged            |     2 |     7 |    28 ||    37

Table legend: (Time is in decaauts)
 A = Elapsed time spent in this place.
 B = Non-inter-level travel time spent in this place.
 C = Inter-level travel time spent in this place.
 D = Time resting spent in this place.
 E = Time spent auto-exploring this place.
 F = Levels seen in this place.
 G = Mean time per level.
                   A        B        C        D        E       F      G
               +--------+--------+--------+--------+--------+-----+--------+
         Total |    282 |    282 |      0 |     55 |      0 |   1 |  282.0 |
       Dungeon |    282 |    282 |      0 |     55 |      0 |   1 |  282.0 |
               +--------+--------+--------+--------+--------+-----+--------+

Top non-repeatable levels by time:
       D: 282 daAuts
